 Dungeon Crawl Stone Soup version 0.19.1-1-g22dce08 (webtiles) character file.

3183 JamesMay the Shield-Bearer (level 9, -7/75 HPs)
             Began as a Minotaur Fighter on Dec 30, 2016.
             Was a Priest of Trog.
             Splashed by an orc's acid (15 damage)
             ... on level 8 of the Dungeon.
             The game lasted 00:53:56 (10300 turns).

JamesMay the Shield-Bearer (Minotaur Fighter)      Turns: 10300, Time: 00:53:57

Health: -7/75      AC:  4    Str: 23    XL:     9   Next: 64%
Magic:  8/8        EV: 12    Int:  5    God:    Trog [***...]
Gold:   48         SH: 11    Dex: 11    Spells: 0 memorised, 8 levels left

rFire  . . .     SeeInvis .     w - +4 dagger (venom)
rCold  . . .     Gourm    .     (no armour)
rNeg   . . .     Faith    .     c - +0 shield
rPois  +         Spirit   .     (helmet restricted)
rElec  .         Reflect  .     (no cloak)
rCorr  .         Harm     .     z - +0 pair of gloves {archery}
MR     .....                    H - +1 pair of boots
Stlth  ++........               (no amulet)
                                b - ring of poison resistance
                                k - +5 ring of protection

@: corroded
A: retaliatory headbutt, horns 2
a: Berserk, Trog's Hand, Burn Spellbooks, Renounce Religion


You were on level 8 of the Dungeon.
You worshipped Trog.
Trog was most pleased with you.
You were not hungry.

You visited 2 branches of the dungeon, and saw 9 of its levels.
You also visited: Sewer.

You collected 336 gold pieces.
You spent 288 gold pieces at shops.

Inventory:

Hand Weapons
 l - a +2 dagger of electrocution
 q - a +0 blowgun
 s - a +0 hunting sling
 w - a +4 dagger of venom (weapon)
Missiles
 o - 36 poisoned needles
 t - 327 stones (quivered)
Armour
 c - a +0 shield (worn)
 z - a +0 pair of gloves of archery (worn)
 B - the +4 ring mail "Ozygubbo" {rF+}
   (You found it on level 4 of the Dungeon)

   It protects you from fire.
 E - a +1 pair of gloves
 H - a +1 pair of boots (worn)
Jewellery
 b - a ring of poison resistance (right hand)
 k - a +5 ring of protection (left hand)
 y - an uncursed ring of fire
 J - an uncursed ring of ice
Wands
 I - a wand of iceblast (4/15)
Scrolls
 h - 4 scrolls of fear
 i - 7 scrolls of identify
 j - 2 scrolls of random uselessness
 m - 5 scrolls of remove curse
 n - a scroll of recharging {unknown}
 p - a scroll of teleportation
 u - 2 scrolls of fog {unknown}
 C - a scroll of blinking {unknown}
 F - a scroll of acquirement {unknown}
 G - a scroll of magic mapping
 L - 3 scrolls of immolation
Potions
 a - 2 potions of curing {unknown}
 d - a potion of might
 e - a potion of brilliance
 g - 2 potions of invisibility
 v - a potion of ambrosia
 x - a potion of flight {unknown}
 A - a potion of heal wounds {unknown}
 M - a potion of magic {unknown}
Comestibles
 f - 2 bread rations
 K - a meat ration


   Skills:
 + Level 6.1 Fighting
 + Level 6.9(8.1) Short Blades
   Level 7.2(8.7) Long Blades
 * Level 3.2 Throwing
 + Level 7.2 Armour
 + Level 4.5 Dodging
 + Level 1.7 Stealth
 + Level 7.5 Shields


You had 8 spell levels left.
You didn't know any spells.

Dungeon Overview and Level Annotations

Branches:
Dungeon (8/15)             Temple (1/1) D:4
   Lair: D:8-11

Altars:
Ashenzari
Dithmenos
Elyvilon
Fedhas
Gozag
Hepliaklqana
Kikubaaqudgha
Makhleb
Nemelex Xobeh
Okawaru
Qazlal
Ru
Sif Muna
Trog
Uskayaw
Vehumet
Xom
Yredelemnul
Zin
The Shining One

Shops:
D:7 *


Innate Abilities, Weirdness & Mutations

You reflexively headbutt those who attack you in melee.
You have a pair of horns on your head.


Message History

You hit the orc.
The orc is poisoned.
Your headbutt misses the orc.
The orc is severely wounded.
The orc hits you but does no damage.
The orc zaps a wand.
The bolt of acid hits the orc.
The orc is splashed with acid.
The orc dies!
The bolt of acid hits you! The acid corrodes you!
You are splashed with acid!
The acid burns!
It is a wand of acid.
You hit the orc but do no damage. Your headbutt misses the orc.
The orc zaps a wand.
The bolt of acid hits you!
You are splashed with acid!
The acid burns!
You hit the orc but do no damage.
The orc is poisoned.
You barely miss the orc. You headbutt the orc.
The orc is severely wounded.
The orc hits you.
You barely miss the orc.
The orc is severely wounded.
The orc zaps a wand.
The bolt of acid hits you!
* * * LOW HITPOINT WARNING * * *
The acid corrodes you!
You are splashed with acid!
The acid burns!
You die...

....#<.......#.......###
..........##....._.....######
..........'..#o......#..?...#
..........#####.....#######.#
..............##...##.....#.#
......######## ##)##.####.#.#
......# #).##.####.#.#
......# #o##)......#.#
####### #@##..######.#
#.##.........#
##########'##.#########
#...........#....)).#
#..........)#######.#
#..........(#######)#
#...........'.(((.[.#
#...........#########
#...........#


You could see an orc.

Vanquished Creatures
  Menkaure (D:4)
  A water moccasin (D:5)
  2 ice beasts
  A black bear (D:6)
  A phantom (D:4)
  2 centaurs (D:8)
  5 ogres
  A crocodile (Sewer)
  2 big kobolds
  2 bullfrogs
  A gnoll sergeant (D:8)
  8 scorpions
  3 howler monkeys
  2 crimson imps (D:5)
  2 orc priests (D:4)
  3 hounds
  3 jellies
  A bullfrog skeleton (D:5)
  A centaur skeleton (D:4)
  2 iguanas
  5 worker ants
  4 orc wizards
  A worker ant zombie (D:4)
  10 gnolls
  2 river rats (D:6)
  15 adders
  2 shadow imps (D:5)
  3 oozes
  2 adder zombies
  4 adder skeletons
  3 worms
  A dart slug (D:1)
  5 leopard geckos
  21 orcs
  8 giant cockroaches
  6 goblins
  4 hobgoblins
  8 jackals
  2 quokkas
  4 ball pythons
  13 bats
  3 frilled lizards
  A jackal skeleton (D:5)
  18 kobolds
  A leopard gecko skeleton (D:7)
  11 rats
201 creatures vanquished.

Vanquished Creatures (others)
  A wizard (D:3)
  An orc (D:8)
2 creatures vanquished.

Grand Total: 203 creatures vanquished

Notes
Turn   | Place    | Note
-------+----------+-------------------------------------------
     0 | D:1      | JamesMay the Minotaur Fighter began the quest for the Orb.
     0 | D:1      | Reached XP level 1. HP: 19/19 MP: 0/0
   195 | D:1      | Reached XP level 2. HP: 23/27 MP: 1/1
   721 | D:2      | Reached XP level 3. HP: 33/33 MP: 2/2
   841 | D:2      | Found a burning altar of Makhleb.
  1042 | D:2      | Reached XP level 4. HP: 37/40 MP: 3/3
  1095 | D:2      | Reached skill level 1 in Short Blades
  1288 | D:2      | You fall through a shaft!
  2098 | D:3      | Reached XP level 5. HP: 30/46 MP: 4/4
  2784 | D:3      | Found a bloodstained altar of Trog.
  2788 | D:3      | Noticed a wizard
  2793 | D:3      | Became a worshipper of Trog the Wrathful
  2793 | D:3      | Killed a wizard
  3208 | D:4      | Reached skill level 1 in Dodging
  3233 | D:4      | Reached XP level 6. HP: 52/52 MP: 5/5
  3242 | D:4      | Got a bloodstained ring mail
  3253 | D:4      | Identified the +4 ring mail "Ozygubbo" {rF+} (You found it on level 4 of the Dungeon)
  3327 | D:4      | Reached skill level 1 in Stealth
  3358 | D:4      | Reached skill level 5 in Armour
  3407 | D:4      | Reached skill level 5 in Shields
  3665 | D:4      | Reached skill level 5 in Long Blades
  3665 | D:4      | Reached skill level 1 in Throwing
  3665 | D:4      | Reached XP level 7. HP: 60/60 MP: 6/6
  3882 | D:4      | Reached * piety under Trog
  3972 | D:4      | Found a staircase to the Ecumenical Temple.
  3984 | Temple   | Entered the Ecumenical Temple
  4652 | D:4      | Reached skill level 5 in Fighting
  4717 | D:5      | Entered Level 5 of the Dungeon
  4717 | D:5      | Found a white marble altar of Elyvilon.
  4723 | D:5      | Reached XP level 8. HP: 35/68 MP: 7/7
  4880 | D:5      | Found a blossoming altar of Fedhas.
  5019 | D:5      | Found an iron altar of Okawaru.
  5019 | D:5      | Noticed Menkaure
  6590 | D:5      | Reached skill level 5 in Short Blades
  7101 | D:4      | Killed Menkaure
  7720 | D:5      | Reached ** piety under Trog
  8054 | D:6      | Reached XP level 9. HP: 71/74 MP: 8/8
  8239 | D:6      | Found a glowing drain.
  8247 | Sewer    | Entered a sewer
  8888 | D:7      | Found Tuoq's General Store.
  8894 | D:7      | Bought a scroll of identify for 32 gold pieces
  8894 | D:7      | Bought 2 potions of invisibility for 256 gold pieces
  9700 | D:8      | Reached *** piety under Trog
  9713 | D:8      | Found a glowing silver altar of Zin.
 10300 | D:8      | Splashed by an orc's acid

Skill      XL: |  1  2  3  4  5  6  7  8  9 |
---------------+----------------------------+-----
Shields        | 4 5 6 7 |  7.5
Armour         | 4 5 6 7 |  7.2
Fighting       | 4 5 6 |  6.1
Long Blades    | 3 4 5 6 7 |  7.2
Short Blades   | 1 2 3 4 5 6 |  6.9
Dodging        | 1 2 3 4 |  4.5
Stealth        | 1 |  1.7
Throwing       | 1 2 3 |  3.2

Action                   |  1- 3 |  4- 6 |  7- 9 || total
-------------------------+-------+-------+-------++-------
Melee: Long sword        |    66 |       |       ||    66
       Headbutt          |    10 |    24 |    74 ||   108
       Dagger            |    29 |   154 |   415 ||   598
       Club              |       |     7 |       ||     7
 Fire: Blowgun           |       |       |    12 ||    12
Throw: Stone             |       |    25 |    13 ||    38
  Use: Scroll            |       |     3 |     8 ||    11
       Potion            |       |     2 |    10 ||    12
 Stab: Sleeping          |       |       |     1 ||     1
  Eat: Chunk             |     1 |     4 |    10 ||    15
       Beef jerky        |       |     1 |     2 ||     3
       Meat ration       |       |     1 |       ||     1
       Bread ration      |       |       |     1 ||     1
       Pizza             |       |       |     1 ||     1
Armor: Scale mail        |    43 |    30 |       ||    73
       Chain mail        |       |    13 |       ||    13
       Ring mail         |       |    14 |    76 ||    90
       Skin              |       |       |    18 ||    18
Dodge: Dodged            |    26 |    24 |   101 ||   151
Block: Shield            |    44 |    55 |   146 ||   245
       Rpst.: Long sword |     6 |       |       ||     6
